[Event "30th NATO Chess-ch 2019"]
[Site "Berlin"]
[Date "2019.09.19"]
[Round "6.30"]
[White "Van den Heuvel, Tonnie"]
[Black "Nilsson, Erik"]
[Result "1/2-1/2"]
[ECO "A01"]
[WhiteElo "1819"]
[BlackElo "2022"]
[Annotator "NA"]
[PlyCount "23"]
[EventDate "2019.09.16"]
[EventType "swiss"]
[EventCountry "GER"]
[SourceTitle "playchess.com"]
[Source "ChessBase"]
[SourceQuality "1"]
[TimeControl "40/7200:1800"]

1. b3 e5 2. Bb2 Nc6 3. e3 Nf6 4. Bb5 Bd6 5. Na3 Na5 6. Be2 c6 7. c4 b6 8. Nf3 O-O 9. Nc2 Re8 10. d4 e4 11. Ne5 Bf8 12. b4 1/2-1/2

[Event "30th NATO Chess-ch 2019"]
[Site "Berlin"]
[Date "2019.09.20"]
[Round "7.2"]
[White "Wang, Eigen"]
[Black "Sypien, Mateusz"]
[Result "1/2-1/2"]
[ECO "E98"]
[WhiteElo "2193"]
[BlackElo "2243"]
[Annotator "ChessBase"]
[PlyCount "54"]
[EventDate "2019.09.16"]
[EventType "swiss"]
[EventCountry "GER"]
[SourceTitle "playchess.com"]
[Source "ChessBase"]
[SourceQuality "1"]
[TimeControl "40/7200:1800"]

1. d4 Nf6 2. c4 g6 3. Nc3 Bg7 4. e4 d6 5. Nf3 O-O 6. Be2 e5 7. O-O Nc6 8. d5 Ne7 9. Ne1 c5 10. Nd3 Ne8 11. f4 b6 12. Rb1 f5 13. Bf3 Rb8 14. a3 fxe4 15. Nxe4 exf4 16. Bxf4 Nf5 17. b4 Rb7 18. bxc5 bxc5 19. Rxb7 Bxb7 20. Qa4 a6 21. Bg5 Qc7 22. Nf4 Bd4+ 23. Kh1 Neg7 24. Re1 Be5 25. Nd3 Bd4 26. Nf4 Be5 27. Nd3 Bd4 1/2-1/2

[Event "30th NATO Chess-ch 2019"]
[Site "Berlin"]
[Date "2019.09.20"]
[Round "7.4"]
[White "Pietruszewski, Marcin"]
[Black "Andersen, Hans-Christoph"]
[Result "1/2-1/2"]
[ECO "B12"]
[WhiteElo "2215"]
[BlackElo "2201"]
[Annotator "NA"]
[PlyCount "69"]
[EventDate "2019.09.16"]
[EventType "swiss"]
[EventCountry "GER"]
[SourceTitle "playchess.com"]
[Source "ChessBase"]
[SourceQuality "1"]
[TimeControl "40/7200:1800"]

1. e4 c6 2. d4 d5 3. e5 Bf5 4. Nf3 e6 5. Be2 c5 6. Be3 cxd4 7. Nxd4 Ne7 8. O-O Nbc6 9. Bb5 {[%emt 1:43:19] B12: Caro-Kann: Advance Variation} a6 10. Bxc6+ bxc6 11. c4 Qd7 12. c5 $146 ({Predecessor:} 12. Nc3 dxc4 13. Na4 Nd5 14. Nxf5 exf5 15. Rc1 c3 16. Qc2 Be7 17. Nxc3 Nxe3 18. fxe3 {1-0 (26) Nepomniachtchi,I (2733)-Laznicka,V (2654) Heraklio 2017}) 12... Bxb1 13. Rxb1 Ng6 14. Nf3 a5 15. Qc2 Be7 16. b4 axb4 17. Rxb4 O-O 18. Rfb1 Ra7 19. a4 Qc7 20. Bd4 Rfa8 21. Ra1 Nf8 22. Ne1 $11 Nd7 23. Nd3 Rb7 24. Rab1 Rab8 25. Qc3 Bd8 26. f4 Rxb4 27. Rxb4 Rxb4 28. Qxb4 Qb8 29. Bc3 Nf8 {[%emt 0:04:44] Bb4 Kb7} 30. Be1 {[%emt 0:03:04] Ka7 0:03:04 g4 0:01:02} g6 31. Bd2 {[%emt 0:00:51] Kb7 0:00:57 Be1 0:00:41 Kc8 0:00:41 h3 0:00:21 Kb7 0:00:12 Ke3 0:00:06} Nd7 32. Bc3 Be7 33. Bd4 Nf8 {[%emt 0:18:19] Kf3 0:11:23 Kc7 0:13:22} 34. Bf2 {[%emt 0:09:53] Kb7 0:13:02 Bd4 0:06:20 Kc7 0:12:56 Bc3 0:12:56} Nd7 35. Bd4 1/2-1/2

[Event "30th NATO Chess-ch 2019"]
[Site "Berlin"]
[Date "2019.09.20"]
[Round "7.5"]
[White "Wantiez, Fabrice"]
[Black "Sycz, Dariusz"]
[Result "1/2-1/2"]
[ECO "C41"]
[WhiteElo "2225"]
[BlackElo "2215"]
[Annotator "NA"]
[PlyCount "157"]
[EventDate "2019.09.16"]
[EventType "swiss"]
[EventCountry "GER"]
[SourceTitle "playchess.com"]
[Source "ChessBase"]
[SourceQuality "1"]
[TimeControl "40/7200:1800"]

1. e4 d6 2. d4 Nf6 3. Nc3 e5 4. Nf3 Nbd7 5. g3 Be7 6. Bg2 c6 7. a4 O-O 8. O-O Re8 9. Re1 {[%emt 1:58:04] C41: Philidor Defence} Qc7 (9... b6 10. b3 a6 11. Bb2 Bb7 12. Nb1 Bf8 13. Nbd2 Qc7 14. c4 exd4 15. Nxd4 {1-0 (33) Henderson de la Fuente,L (2471)-Kadric,D (2562) Evora 2019}) 10. h3 Nf8 11. Be3 Bd7 $146 ({Predecessor:} 11... b6 12. Nh2 Bb7 13. Ng4 Ne6 14. d5 cxd5 15. exd5 Nf8 16. Nxf6+ Bxf6 {½-½ (45) Sherbakov,V (2425)-Djachkov,S (2400) Ekaterinburg 2002}) 12. Kh2 Ng6 13. Qd3 Rad8 14. a5 b5 15. axb6 $1 axb6 16. Qc4 exd4 17. Nxd4 Ne5 18. Qf1 b5 19. f4 Nc4 20. Bc1 Bf8 21. b3 Nb6 22. Bb2 b4 23. Nd1 d5 24. e5 Ne4 $1 25. Bxe4 dxe4 26. Nf2 c5 27. Nb5 Qc6 28. c4 bxc3 29. Nxc3 Be6 30. Nfxe4 Bxb3 31. Qb5 Qxb5 32. Nxb5 Rd3 33. Ba3 Bd5 34. Nc7 Rc8 35. Nxd5 Rxd5 36. Rec1 Nd7 37. Rc3 Rd4 38. Re1 h6 39. Kg2 Ra4 $11 40. Kf3 Rd4 41. Rec1 Rd5 42. R1c2 Rc6 43. Rd2 Rxd2 44. Nxd2 f6 45. Ke4 Re6 46. Nc4 Re8 47. Kd5 Rd8 48. Kc6 Nb8+ 49. Kc7 Re8 50. Rf3 Na6+ 51. Kd7 Re7+ 52. Kc6 Re6+ 53. Kd5 Nc7+ 54. Ke4 Ra6 55. Bb2 Ra4 56. Kd3 Ne6 57. h4 Be7 58. Rf1 Rb4 59. Bc3 Rb7 60. Ra1 Rd7+ 61. Ke4 Kf7 62. Ra6 g6 63. Ne3 h5 64. Nd5 Rb7 65. Ra8 Rd7 66. Rh8 Kg7 67. Re8 Kf7 68. Rxe7+ Rxe7 69. Nxe7 Kxe7 70. Kd5 g5 71. hxg5 Nxg5 72. Bd2 Nf3 73. Be3 c4 74. Bc5+ Kd7 75. e6+ Ke8 76. Kxc4 h4 77. g4 h3 78. Bd6 h2 {[%emt 0:02:19] Bxh2 0:08:48 Nxh2 0:02:17} 79. g5 {[%emt 0:08:40] Nf3 0:08:40} 1/2-1/2

[Event "30th NATO Chess-ch 2019"]
[Site "Berlin"]
[Date "2019.09.20"]
[Round "7.6"]
[White "Cichy, Kamil"]
[Black "Papasimakopoulos, Alexandros"]
[Result "1/2-1/2"]
[ECO "C06"]
[WhiteElo "2106"]
[BlackElo "2218"]
[Annotator "ChessBase"]
[PlyCount "74"]
[EventDate "2019.09.16"]
[EventType "swiss"]
[EventCountry "GER"]
[SourceTitle "playchess.com"]
[Source "ChessBase"]
[SourceQuality "1"]
[TimeControl "40/7200:1800"]

1. e4 e6 2. d4 d5 3. Nd2 Nf6 4. e5 Nfd7 5. c3 b6 6. Bd3 Ba6 7. Bxa6 Nxa6 8. Ne2 c5 9. O-O Be7 10. f4 g6 11. Nf3 Nc7 12. Be3 a5 13. g4 h5 14. h3 hxg4 15. hxg4 Qc8 16. Ng3 Qa6 17. Kg2 O-O-O 18. Qd2 a4 19. Qe2 Kb7 20. Rh1 a3 21. b3 Nb5 22. c4 dxc4 23. bxc4 Nxd4 24. Bxd4 cxd4 25. Nxd4 Nb8 26. Qe4+ Kc7 27. Nb5+ Kc8 28. Rxh8 Rxh8 29. Qf3 Qa4 30. Rc1 Rd8 31. Ne4 Qb4 32. Rc2 Qb1 33. Re2 Qd1 34. Na7+ Kc7 35. Nb5+ Kc8 36. Na7+ Kc7 37. Nb5+ Kc8 1/2-1/2

[Event "30th NATO Chess-ch 2019"]
[Site "Berlin"]
[Date "2019.09.20"]
[Round "7.7"]
[White "Kersic, Matej"]
[Black "Helbig, Mark"]
[Result "1/2-1/2"]
[ECO "B07"]
[WhiteElo "2122"]
[BlackElo "2332"]
[Annotator "NA"]
[PlyCount "160"]
[EventDate "2019.09.16"]
[EventType "swiss"]
[EventCountry "GER"]
[SourceTitle "playchess.com"]
[Source "ChessBase"]
[SourceQuality "1"]
[TimeControl "40/7200:1800"]

1. e4 g6 2. d4 Bg7 3. Nf3 d6 4. h3 Nf6 5. Bd3 O-O 6. O-O Nbd7 7. c3 e5 8. Be3 Re8 {[%emt 1:48:21] B07: Pirc Defence: Miscellaneous Systems} 9. Nbd2 a5 $146 ({Predecessor:} 9... d5 10. dxe5 Nxe4 11. Nxe4 dxe4 12. Bg5 f6 13. exf6 Bxf6 14. Bxf6 Qxf6 15. Re1 Nc5 16. Bc4+ {1-0 (67) Chernin,A (2560)-Tal,M (2630) Saint John 1988}) 10. Qc2 b6 11. Rfe1 Bb7 12. Rad1 Qe7 13. d5 Qf8 14. g4 Qe7 15. Nh2 h6 16. Kg2 ({White should try} 16. Bb5 $11) 16... c6 17. c4 Nc5 (17... Rec8 $5 18. Qb1 a4 $11) 18. Nhf1 cxd5 19. cxd5 Rec8 20. Qb1 $1 Nxd3 21. Qxd3 Ba6 22. Qb1 Nd7 23. Rc1 Nc5 24. Nc4 Rab8 25. b3 Qd8 26. f3 Bf8 27. Red1 Kh7 28. Qb2 Be7 29. Qd2 Bg5 (29... a4 $15 30. Qb2 Bb5) 30. Nb2 Qe7 31. Rc3 Rg8 32. Ng3 b5 33. Rc2 Bxe3 34. Qxe3 Rgc8 35. Rdc1 Qg5 36. Qxg5 hxg5 37. Nf1 Kg7 38. Ne3 Kf6 39. Kg3 Rh8 40. Rh2 Rbc8 41. Rhc2 $11 Ke7 42. Kg2 Rhd8 43. Kg3 Ra8 44. Rd1 Rdc8 45. Rdc1 Nd7 46. Rxc8 Rxc8 47. Rxc8 Bxc8 48. Kf2 Nc5 49. Ke2 Ba6 50. Kd2 Kd7 51. Kc2 Kc7 52. Kd2 Kb6 53. Kc2 Nd7 54. Kd2 Kc7 55. Kc2 Nb6 56. Kd2 Bc8 57. a3 Bd7 58. Kc3 Be8 59. b4 a4 60. Kd2 Bd7 61. Nbd1 Nc8 62. Nc3 Ne7 63. Ke2 Kb6 64. Kf2 Kc7 65. Kg3 Kd8 66. h4 gxh4+ 67. Kxh4 f6 68. Ng2 Ke8 69. Kg3 g5 70. Ne2 Kf7 71. Ne3 Kg7 72. Kf2 Kf7 73. Ng3 Kg6 74. Ke2 Kf7 75. Kd3 Kg6 76. Nd1 Kf7 77. Nf5 Nxf5 78. exf5 Ke7 79. Nc3 Be8 80. Ne4 Bd7 1/2-1/2

[Event "30th NATO Chess-ch 2019"]
[Site "Berlin"]
[Date "2019.09.20"]
[Round "7.8"]
[White "Tommasini, Enzo"]
[Black "Pedersen, Finn"]
[Result "0-1"]
[ECO "D19"]
[WhiteElo "2147"]
[BlackElo "2305"]
[Annotator "ChessBase"]
[PlyCount "86"]
[EventDate "2019.09.16"]
[EventType "swiss"]
[EventCountry "GER"]
[SourceTitle "playchess.com"]
[Source "ChessBase"]
[SourceQuality "1"]
[TimeControl "40/7200:1800"]

1. Nf3 d5 2. d4 c6 3. c4 Nf6 4. Nc3 dxc4 5. a4 Bf5 6. e3 e6 7. Bxc4 Bb4 8. O-O O-O 9. Qe2 Bg4 10. h3 Bh5 11. g4 Bg6 12. Ne5 Nd5 13. Nxg6 hxg6 14. Bd2 Qa5 15. Ne4 Nd7 16. Rfc1 Rfe8 17. Bxb4 Qxb4 18. Qd2 Qe7 19. Nc5 Nxc5 20. Bxd5 exd5 21. Rxc5 Qe4 22. Qd1 f5 23. Ra3 fxg4 24. Rc1 gxh3 25. f3 Qh4 26. Qf1 Qg5+ 27. Kf2 Qh4+ 28. Kg1 Qg3+ 29. Kh1 Rf8 30. f4 Rae8 31. Qg1 Qf3+ 32. Kh2 Qe2+ 33. Kxh3 Qxb2 34. Rcc3 Re6 35. Rcb3 Qe2 36. Rxb7 Qh5+ 37. Kg3 g5 38. Kf2 Rxf4+ 39. exf4 Qe2+ 40. Kg3 gxf4+ 41. Kh4 Rh6+ 42. Kg5 Rh5+ 43. Kxf4 Rh4+ 0-1

[Event "30th NATO Chess-ch 2019"]
[Site "Berlin"]
[Date "2019.09.20"]
[Round "7.9"]
[White "Binder, Tamas"]
[Black "Stentebjerg-Hansen, Per"]
[Result "1/2-1/2"]
[ECO "A81"]
[WhiteElo "2261"]
[BlackElo "2178"]
[Annotator "ChessBase"]
[PlyCount "37"]
[EventDate "2019.09.16"]
[EventType "swiss"]
[EventCountry "GER"]
[SourceTitle "playchess.com"]
[Source "ChessBase"]
[SourceQuality "1"]
[TimeControl "40/7200:1800"]

1. d4 f5 2. Nf3 Nf6 3. g3 e6 4. Bg5 d5 5. Bxf6 Qxf6 6. e3 Bd6 7. c4 c6 8. Nc3 O-O 9. Qb3 Kh8 10. Bg2 Nd7 11. a3 dxc4 12. Qxc4 e5 13. O-O e4 14. Nd2 Nb6 15. Qe2 Be6 16. f3 Z0 17. Ncb1 Qd8 18. Z0 {Rh8 ---} Bc8 19. Z0 {Bf8} 1/2-1/2

[Event "30th NATO Chess-ch 2019"]
[Site "Berlin"]
[Date "2019.09.20"]
[Round "7.10"]
[White "Mestek, Igor"]
[Black "Lakos, Nikoletta"]
[Result "1/2-1/2"]
[ECO "B07"]
[WhiteElo "2087"]
[BlackElo "2226"]
[Annotator "ChessBase"]
[PlyCount "29"]
[EventDate "2019.09.16"]
[EventType "swiss"]
[EventCountry "GER"]
[SourceTitle "playchess.com"]
[Source "ChessBase"]
[SourceQuality "1"]
[TimeControl "40/7200:1800"]

1. e4 d6 2. d4 Nf6 3. f3 e5 4. dxe5 dxe5 5. Qxd8+ Kxd8 6. Bc4 Be6 7. Bxe6 fxe6 8. Be3 Bd6 9. Nh3 Ke7 10. Nd2 Nc6 11. c3 h6 12. Nf2 b5 13. a3 Nd7 14. Nd3 a5 15. Ke2 1/2-1/2

[Event "30th NATO Chess-ch 2019"]
[Site "Berlin"]
[Date "2019.09.20"]
[Round "7.11"]
[White "Werksma, Arie"]
[Black "Oltean, Gusztav"]
[Result "1-0"]
[ECO "B12"]
[WhiteElo "2197"]
[BlackElo "2053"]
[Annotator "NA"]
[PlyCount "153"]
[EventDate "2019.09.16"]
[EventType "swiss"]
[EventCountry "GER"]
[SourceTitle "playchess.com"]
[Source "ChessBase"]
[SourceQuality "1"]
[TimeControl "40/7200:1800"]

1. e4 c6 2. d4 d5 3. e5 Bf5 4. c4 e6 5. Nc3 dxc4 6. Bxc4 Nd7 7. Nge2 Nb6 8. Bb3 Ne7 9. Ng3 Bg6 10. O-O Qd7 11. h4 h6 12. h5 Bh7 13. Qg4 O-O-O 14. Be3 Nbd5 15. Rac1 Kb8 $11 16. Nge4 Nf5 17. Nxd5 exd5 18. Ng3 Ka8 19. Nxf5 Bxf5 20. Qf4 Be7 21. Bc2 Bxc2 22. Rxc2 Bg5 23. Qg3 Qf5 24. Rd2 Rdg8 25. f4 Be7 26. Qh3 g6 27. Kh2 Qxh5 28. Qxh5 gxh5 29. f5 Bg5 30. Re2 Re8 31. Rf3 Kb8 32. Bf2 Rhg8 33. Rh3 h4 34. Rf3 Kc7 35. Kh3 Kd7 36. Rb3 Kc7 37. Bxh4 Bxh4 38. Kxh4 Rg5 39. Rf3 Kd7 40. Rf4 Ke7 41. g4 Reg8 42. Re3 Kd8 43. f6 Kd7 44. e6+ fxe6 45. f7 Rf8 46. Rf6 Rg7 47. Rexe6 Rfxf7 48. Rxf7+ Rxf7 49. Rxh6 Rf4 50. Kg5 Rxd4 51. Rh7+ Kd6 52. Rxb7 Rd2 53. Kf4 a5 54. Ke3 Rh2 55. Kf3 d4 56. g5 d3 57. Rb3 d2 58. Rd3+ Ke5 59. Ke3 d1=Q 60. Rxd1 Rxb2 61. Rg1 Rb7 62. Kd3 Kd5 63. g6 Rg7 64. Rg5+ Kd6 65. Kc4 Kc7 66. Kc5 Kb7 67. Kd6 Kb6 68. Ke6 c5 69. Kf6 Rg8 70. Kf7 Rc8 71. g7 Rc7+ 72. Ke6 Rc8 73. g8=Q Rxg8 74. Rxg8 Kb5 75. Kd5 Ka4 76. Kxc5 Ka3 77. Re8 1-0

[Event "30th NATO Chess-ch 2019"]
[Site "Berlin"]
[Date "2019.09.20"]
[Round "7.12"]
[White "Watters, Chase"]
[Black "Bohn, Ulrich"]
[Result "0-1"]
[ECO "A58"]
[WhiteElo "2179"]
[BlackElo "2157"]
[Annotator "ChessBase"]
[PlyCount "84"]
[EventDate "2019.09.16"]
[EventType "swiss"]
[EventCountry "GER"]
[SourceTitle "playchess.com"]
[Source "ChessBase"]
[SourceQuality "1"]
[TimeControl "40/7200:1800"]

1. d4 Nf6 2. c4 c5 3. d5 b5 4. cxb5 a6 5. Nc3 Qa5 6. bxa6 Bxa6 7. Bd2 Qb6 8. Qb3 Qb4 9. Qc2 d6 10. a4 Qb7 11. e4 Bxf1 12. Kxf1 g6 13. f3 Bg7 14. g4 O-O 15. Nge2 Nbd7 16. Kg2 Rab8 17. Rab1 e6 18. g5 Nh5 19. Ng3 Nxg3 20. hxg3 Qb3 21. Qc1 Ne5 22. Bf4 Rb6 23. Qd1 Ra8 24. dxe6 fxe6 25. Nb5 Qa2 26. Nc3 Rxb2+ 27. Rxb2 Qxb2+ 28. Qd2 Qxd2+ 29. Bxd2 Nc4 30. Be1 Bd4 31. Kh3 Nb2 32. Rh2 Nd3 33. Bd2 Nf2+ 34. Kg2 Bxc3 35. Kxf2 Bxd2 36. f4 Rxa4 37. Kf3 Ra3+ 38. Kg4 Be1 39. Rh3 c4 40. f5 exf5+ 41. exf5 Rxg3+ 42. Rxg3 Bxg3 0-1

[Event "30th NATO Chess-ch 2019"]
[Site "Berlin"]
[Date "2019.09.20"]
[Round "7.13"]
[White "Oblak, Nicholas"]
[Black "Pavlidou, Ekaterini"]
[Result "0-1"]
[ECO "B59"]
[WhiteElo "2048"]
[BlackElo "2178"]
[Annotator "ChessBase"]
[PlyCount "78"]
[EventDate "2019.09.16"]
[EventType "swiss"]
[EventCountry "GER"]
[SourceTitle "playchess.com"]
[Source "ChessBase"]
[SourceQuality "1"]
[TimeControl "40/7200:1800"]

1. e4 c5 2. Nf3 Nc6 3. d4 cxd4 4. Nxd4 e5 5. Nb3 d6 6. Nc3 Be6 7. Be3 Nf6 8. Be2 Be7 9. O-O O-O 10. f3 Rc8 11. Qd2 a6 12. Rad1 Qc7 13. Nd5 Bxd5 14. exd5 Nb8 15. c4 b6 16. Rc1 Nfd7 17. Bd3 a5 18. Qc2 g6 19. Qf2 f5 20. Bh6 Rf7 21. h4 Bf8 22. Bg5 a4 23. Na1 Bg7 24. b4 axb3 25. axb3 Rcf8 26. Qe2 e4 27. fxe4 f4 28. h5 gxh5 29. Nc2 Ne5 30. Ne1 Ng4 31. Nf3 Nd7 32. b4 Be5 33. Bb1 Rg7 34. Bh4 Ne3 35. Rf2 Z0 36. Ba2 {[%emt 0:00:25] Rfg8 0:05:31 Rg1 0:05:31} Rg4 37. Kh2 Rxh4+ 38. Nxh4 f3+ 39. g3 fxe2 0-1

[Event "30th NATO Chess-ch 2019"]
[Site "Berlin"]
[Date "2019.09.20"]
[Round "7.14"]
[White "Kedzierski, Slawomir"]
[Black "Hof - Van Run, Rieke"]
[Result "1-0"]
[ECO "D64"]
[WhiteElo "2163"]
[BlackElo "2076"]
[Annotator "NA"]
[PlyCount "129"]
[EventDate "2019.09.16"]
[EventType "swiss"]
[EventCountry "GER"]
[SourceTitle "playchess.com"]
[Source "ChessBase"]
[SourceQuality "1"]
[TimeControl "40/7200:1800"]

1. d4 d5 2. Nf3 Nf6 3. c4 e6 4. Nc3 Be7 5. Bg5 Nbd7 6. e3 O-O 7. Rc1 c6 8. Qc2 Re8 9. Be2 {[%emt 1:54:32] D64: Queen's Gambit Declined: Classical: 7 Rc1 c6 8 Qc2} (9. Bd3 dxc4 10. Bxc4 Nd5 11. Bxe7 Qxe7 12. Ne4 N5f6 13. O-O Nxe4 14. Qxe4 e5 15. Rfe1 h6 16. Bb3 exd4 17. Qxe7 Rxe7 18. Nxd4 Nf8 19. f3 Be6 20. Nxe6 Nxe6 21. Rcd1 Kf8 22. Kf2 Ke8 23. h4 Rd8 24. Rxd8+ Kxd8 25. a3 Rd7 26. Bxe6 {½-½ (26) Kaidanov,G (2638)-Seirawan,Y (2618) Qingdao 2002}) 9... h6 10. Bh4 dxc4 11. Bxc4 Nd5 12. Bg3 N7b6 13. Bb3 Bd6 14. Ne5 $146 ({Predecessor:} 14. O-O Qe7 15. Ne4 Bxg3 16. hxg3 Nd7 17. Rfd1 N7f6 18. Nc5 {½-½ (68) Dvinskikh,L (2096)-Kaisin,Y (1887) Kirov 2014}) 14... Nb4 15. Qe2 N6d5 16. O-O Qe7 17. Ne4 Bc7 18. a3 Na6 19. Ba2 Bd7 20. Bb1 Rad8 $18 (20... Red8 $16 21. Bd3 Nb8) 21. Qc2 f5 22. Nd2 Bc8 23. Rfe1 Qf6 24. f4 Bxe5 25. dxe5 Qf7 26. Nc4 Qh5 27. Nd6 Re7 28. e4 fxe4 29. Qxe4 g5 30. fxg5 hxg5 31. Rf1 Nac7 32. Qd4 Nb5 33. Qf2 Nxd6 34. exd6 Rf7 35. Qxa7 Rdf8 36. Bd3 Rxf1+ 37. Rxf1 Nf4 38. Qe3 Nxd3 39. Qxd3 Rxf1+ 40. Kxf1 Qf7+ 41. Ke1 Bd7 42. Be5 Qf5 43. Qxf5 exf5 44. Bf6 g4 45. Bg5 Kf7 46. Kd2 Ke6 47. Bf4 Kd5 48. Ke3 c5 49. h4 gxh3 50. gxh3 Ke6 51. Kd3 Be8 52. h4 Bb5+ 53. Kc3 Be2 54. h5 Bxh5 55. Kc4 b6 56. Kb5 Be8+ 57. Kxb6 Kd5 58. Kc7 Ke6 59. b3 Bd7 60. Be3 Be8 61. Bxc5 f4 62. a4 f3 63. Bf2 Bd7 64. a5 Bb5 65. a6 1-0

[Event "30th NATO Chess-ch 2019"]
[Site "Berlin"]
[Date "2019.09.20"]
[Round "7.15"]
[White "Casteleijn, Diederick"]
[Black "Mouroutis, Konstantinos"]
[Result "1-0"]
[ECO "A11"]
[WhiteElo "2079"]
[BlackElo "2181"]
[Annotator "NA"]
[PlyCount "90"]
[EventDate "2019.09.16"]
[EventType "swiss"]
[EventCountry "GER"]
[SourceTitle "playchess.com"]
[Source "ChessBase"]
[SourceQuality "1"]
[TimeControl "40/7200:1800"]

1. Nf3 d5 2. c4 c6 3. e3 Nf6 4. Nc3 e6 5. b3 Be7 6. Qc2 Nbd7 7. Bb2 O-O 8. Rg1 a6 9. g4 b5 10. g5 Ne8 11. h4 Bb7 12. Bd3 g6 13. h5 Ng7 14. Nxd5 cxd5 15. Qc3 f6 16. hxg6 dxc4 17. gxh7+ Kh8 18. Nh4 cxd3 19. Ng6+ Kxh7 20. Qxd3 Kg8 21. Nxf8 Nxf8 22. gxf6 Bxf6 23. Qxd8 Rxd8 24. Bxf6 Rd7 25. Rc1 Be4 26. Rc8 Rf7 27. Be5 a5 28. f4 a4 29. bxa4 bxa4 30. a3 Kh7 31. Rxf8 Rxf8 32. Rxg7+ Kh6 33. Re7 Rg8 34. Rxe6+ Kh5 35. d4 Rg2 36. Re8 Ra2 37. d5 Kg4 38. Z0 Bd3 39. Z0 Kf3 40. d6 Bf5 41. Re7 Rc2 42. Bd4 Rc6 43. Re5 Bg4 44. Bc5 {[%emt 0:20:53] h4 Ba7} Bc8 45. Rh5 {Rc1+} Z0 {Kf2+} 1-0

[Event "30th NATO Chess-ch 2019"]
[Site "Berlin"]
[Date "2019.09.20"]
[Round "7.16"]
[White "Valeinis, Janis"]
[Black "Stankowski, Aleksander"]
[Result "1/2-1/2"]
[ECO "E90"]
[WhiteElo "2206"]
[BlackElo "2022"]
[Annotator "NA"]
[PlyCount "138"]
[EventDate "2019.09.16"]
[EventType "swiss"]
[EventCountry "GER"]
[SourceTitle "playchess.com"]
[Source "ChessBase"]
[SourceQuality "1"]
[TimeControl "40/7200:1800"]

1. d4 Nf6 2. c4 g6 3. Nc3 Bg7 4. e4 d6 5. Nf3 O-O 6. h3 e5 7. d5 Nbd7 8. Bg5 h6 9. Be3 {[%emt 1:53:53] E90: King's Indian: Classical: Early deviations and 6 h3} b6 (9... Nc5 10. Nd2 a5 11. g4 c6 12. a3 a4 13. Be2 Bd7 14. h4 cxd5 15. cxd5 Rc8 16. g5 hxg5 17. hxg5 Nh7 18. Rg1 f5 19. gxf6 Qxf6 {0-1 (40) Howell,D (2616)-Vachier Lagrave,M (2723) Biel 2010}) 10. Be2 a5 11. Qc2 Nc5 12. Nd2 Ne8 13. h4 $146 ({Predecessor:} 13. Nb3 f5 14. Nxc5 bxc5 15. f3 Nf6 16. g4 fxe4 17. fxe4 Nh7 {0-1 (59) Burgermeister,M (1865)-Zboril,J (2013) Czechia 2010}) 13... f5 14. h5 g5 15. Bxc5 bxc5 16. exf5 Bxf5 17. Nde4 Nf6 18. Bd3 Nxe4 19. Bxe4 Qf6 20. O-O-O Rab8 21. Qe2 Rb4 22. Rd2 Bxe4 23. Nxe4 Qf4 24. Kb1 Rfb8 25. Rc2 Rf8 26. Rh3 a4 27. Rf3 Qh4 28. Rxf8+ Kxf8 29. g4 Qh1+ 30. Rc1 Qh2 31. a3 Rb3 32. Ka2 Qf4 $2 (32... Qh3 $1 $14) 33. Rc3 Rxc3 34. Nxc3 Bf6 35. f3 e4 36. Nxe4 $18 (36. Qxe4 $142 Qxe4 37. Nxe4) 36... Be5 37. Qd3 Qc1 38. Nc3 Bxc3 39. Qxc3 Qf1 40. b3 axb3+ 41. Kb2 Qe2+ 42. Qc2 Qxf3 43. a4 Qxg4 44. a5 Ke7 45. a6 Qc8 46. Qh7+ Ke8 47. Qg8+ Kd7 48. Qf7+ Kd8 49. Qf6+ Ke8 50. Qe6+ Kd8 51. Qxh6 Qxa6 52. Qxg5+ Ke8 53. Qe3+ Kf7 54. Qf4+ Ke7 55. h6 Qa4 56. Kc1 Qa1+ 57. Kd2 Qb2+ 58. Kd3 Qb1+ 59. Ke3 Qc1+ 60. Kf3 Qxf4+ 61. Kxf4 Kf6 62. h7 Kg7 63. Kf5 Kxh7 64. Ke6 Kg6 65. Kd7 Kf5 66. Kxc7 Ke5 67. Kc6 Kd4 68. Kxd6 Kxc4 69. Ke6 {[%emt 0:04:09] Kb3 0:01:13 d6 0:04:08 c4 d7 0:01:13 c3 0:01:12 d8=Q 0:04:04 c2 0:01:10 Qb6+ 0:04:01} Kc3 {[%emt 0:01:08] Qc5+ 0:03:59 Kd2 0:01:06 Qb4+ 0:01:06 Ke2 0:00:59 Qc3 0:03:45 Kd1 0:00:56 Qd3+ 0:03:41 Kc1 0:00:55 Kd5 0:03:37 Kb2 0:00:53 Qb5+ 0:03:36 Ka1 0:00:50 Qa4+ 0:03:35 Kb2 0:00:48 Qb4+ 0:03:34 Ka1 0:00:46 Qc3+ 0:03:32 Kb1 0:00:44 Qb3+ Ka1 0:00:42 Kc6} 1/2-1/2

[Event "30th NATO Chess-ch 2019"]
[Site "Berlin"]
[Date "2019.09.20"]
[Round "7.17"]
[White "Keough, Robert"]
[Black "Kende, Gyorgy"]
[Result "1/2-1/2"]
[ECO "B15"]
[WhiteElo "2108"]
[BlackElo "2036"]
[Annotator "ChessBase"]
[PlyCount "36"]
[EventDate "2019.09.16"]
[EventType "swiss"]
[EventCountry "GER"]
[SourceTitle "playchess.com"]
[Source "ChessBase"]
[SourceQuality "1"]
[TimeControl "40/7200:1800"]

1. e4 c6 2. d4 d5 3. Nc3 dxe4 4. Nxe4 Nf6 5. Nxf6+ exf6 6. c3 Bd6 7. Bd3 O-O 8. Qc2 Re8+ 9. Ne2 h5 10. Be3 Be6 11. Ng3 c5 12. Bh7+ Kh8 13. O-O-O Qa5 14. d5 Bg4 15. Kb1 Bxd1 16. Rxd1 Nd7 17. Nxh5 Nb8 {Nc7 Bf8} 18. Z0 Qb5 1/2-1/2

[Event "30th NATO Chess-ch 2019"]
[Site "Berlin"]
[Date "2019.09.20"]
[Round "7.18"]
[White "Oltean, Gusztav"]
[Black "Almonti, Alessandro"]
[Result "0-1"]
[ECO "B07"]
[WhiteElo "2053"]
[BlackElo "1976"]
[Annotator "NA"]
[PlyCount "80"]
[EventDate "2019.09.16"]
[EventType "swiss"]
[EventCountry "GER"]
[SourceTitle "playchess.com"]
[Source "ChessBase"]
[SourceQuality "1"]
[TimeControl "40/7200:1800"]

1. e4 d6 2. d4 Nf6 3. Nc3 c6 4. Be3 a6 5. h3 Nbd7 6. f4 Qa5 7. Qd2 e5 8. Bd3 Be7 9. Nf3 Qc7 10. O-O-O b5 11. fxe5 dxe5 12. dxe5 $14 Nxe5 13. Nxe5 Qxe5 14. Bf4 Qc5 15. e5 Nd5 16. Ne4 Qb4 17. c3 Qa4 18. Bc2 Qxa2 19. Bg5 Bf5 20. Nd6+ Bxd6 21. Bxf5 Bxe5 22. Qe2 f6 23. Qh5+ Ke7 24. Rhe1 Qa1+ 25. Bb1 Kd6 26. Be3 Bxc3 27. Bf4+ Kc5 28. Re2 Kb6 29. Rxd5 cxd5 30. Qxd5 Bxb2+ 31. Rxb2 Rac8+ 32. Rc2 Rxc2+ 33. Kxc2 Rc8+ 34. Kd2 Qb2+ 35. Ke3 Qxb1 36. Qd4+ Ka5 37. Qd2+ Ka4 38. Kf3 Qb3+ 39. Kg4 Rc4 40. Qd6 a5 0-1

[Event "30th NATO Chess-ch 2019"]
[Site "Berlin"]
[Date "2019.09.20"]
[Round "7.19"]
[White "Aagaard, Gert"]
[Black "Tocco, Paolo"]
[Result "1-0"]
[ECO "A40"]
[WhiteElo "2029"]
[BlackElo "2089"]
[Annotator "NA"]
[PlyCount "77"]
[EventDate "2019.09.16"]
[EventType "swiss"]
[EventCountry "GER"]
[SourceTitle "playchess.com"]
[Source "ChessBase"]
[SourceQuality "1"]
[TimeControl "40/7200:1800"]

1. d4 b6 2. Bf4 Bb7 3. e3 d6 4. Nf3 Nd7 (4... g6 5. h3 Bg7 6. Bd3 Nd7 7. Bh2 e6 8. Nbd2 Ne7 9. Qe2 a6 10. e4 h6 {1-0 (35) Maze,S (2614)-Jessel,S (2334) Paris 2017}) 5. Nbd2 g6 6. Bd3 {[%emt 1:53:18] A40: Unusual replies to 1 d4} Bg7 7. O-O e5 8. Bg3 Qe7 $146 ({Predecessor:} 8... Ne7 9. c3 O-O 10. Qb3 h6 {1-0 (25) Berta,K (2225)-Racz,Z (2260) Aggtelek 1994}) 9. dxe5 dxe5 10. Bb5 c6 11. Bc4 Ngf6 12. Bh4 O-O 13. Ne4 b5 14. Be2 Qb4 15. Nxf6+ Nxf6 16. Bg3 Rad8 17. Qc1 e4 18. c3 Qe7 19. Nd4 $11 a6 20. b4 c5 21. bxc5 Qxc5 22. c4 b4 23. a3 bxa3 24. Qxa3 Nd7 25. Bd6 Qg5 26. Qa5 Ne5 27. Bxf8 Rxf8 28. Rfb1 Bc8 29. Qc7 Bh3 30. Bf1 Nf3+ 31. Nxf3 exf3 32. Ra5 Qg4 33. Qg3 Qxg3 34. hxg3 Bf5 35. Rxf5 gxf5 36. c5 a5 37. gxf3 Ra8 38. Rb7 a4 39. Bc4 1-0